 Dungeon Crawl Stone Soup version 0.27-a0-1036-g8e1b44f (webtiles) character file.

Game seed: 2982084324719254969

193 HDogLeCool the Skirmisher (level 5, -3/47 HPs)
             Began as a Draconian Fighter on Apr 18, 2021.
             Was a Believer of Yredelemnul.
             Slain by Crazy Yiuf
             ... wielding a +3 quarterstaff of chaos
              (16 damage)
             ... on level 3 of the Dungeon.
             The game lasted 00:12:24 (3821 turns).

HDogLeCool the Skirmisher (Draconian Fighter)       Turns: 3821, Time: 00:12:24

Health: -3/47      AC:  5    Str: 19    XL:     5   Next: 44%
Magic:  4/5        EV: 10    Int:  8    God:    Yredelemnul [**....]
Gold:   64         SH:  9    Dex: 11    Spells: 4/4 levels left

rFire    . . .     SeeInvis .   a - +0 long sword
rCold    . . .     Faith    .   b - +0 kite shield
rNeg     . . .     Spirit   .   (armour unavailable)
rPois    .         Reflect  .   (helmet restricted)
rElec    .         Harm     .   (no cloak)
rCorr    .         Rampage  .   (no gloves)
Will     .....                  (no boots)
Stlth    +.........             (no amulet)
HPRegen  0.15/turn              (no ring)
MPRegen  0.09/turn              (no ring)

@: mighty
A: AC +5, unfitting armour, cold-blooded
a: Renounce Religion, Animate Remains, Recall Undead Slaves, Injury Mirror


You were on level 3 of the Dungeon.
You worshipped Yredelemnul.
Yredelemnul was pleased with you.
You visited 1 branch of the dungeon, and saw 3 of its levels.

You collected 64 gold pieces.

Inventory:

Hand Weapons
 a - a +0 long sword (weapon)
Missiles
 d - 140 stones (quivered)
 j - 3 javelins
Armour
 b - a +0 kite shield (worn)
Magical Staves
 e - a staff of air
Scrolls
 g - a scroll of blinking {unknown}
 h - 2 scrolls of teleportation {unknown}
 i - 3 scrolls of torment {unknown}
 l - 3 scrolls of identify {unknown}
 o - a scroll of immolation {unknown}
 p - a scroll of noise {unknown}
Potions
 f - a potion of curing
 k - a potion of resistance {unknown}
 m - 2 potions of heal wounds {unknown}
 n - a potion of mutation {unknown}


   Skills:
 * Level 4.7 Fighting
 + Level 2.9 Long Blades
 + Level 3.2 Dodging
 * Level 4.3 Shields


You had 4 spell levels left.
You didn't know any spells.
Your spell library was empty.

Dungeon Overview and Level Annotations

Branches:
Dungeon (3/15)

Altars:
Yredelemnul

Annotations:
D:3 Crazy Yiuf


Innate Abilities, Weirdness & Mutations

Your plain brown scales are hard. (AC +5)
You cannot fit into any form of body armour.
You are cold-blooded and may be slowed by cold attacks.


Message History

Crazy Yiuf is moderately wounded.
You feel very sick.
Crazy Yiuf hits you with a +3 quarterstaff of chaos.
You resist with some effort.
Your hobgoblin zombie hits Crazy Yiuf.
Your frilled lizard zombie bites Crazy Yiuf but does no damage.
You hit Crazy Yiuf but do no damage.
Crazy Yiuf is moderately wounded.
You feel very sick. Crazy Yiuf misses you.
Your hobgoblin zombie barely misses Crazy Yiuf.
Your frilled lizard zombie bites Crazy Yiuf.
Crazy Yiuf waves his quarterstaff at you.
Crazy Yiuf hits you with a +3 quarterstaff of chaos!!
* * * LOW HITPOINT WARNING * * *
You swap places.
* * * LOW HITPOINT WARNING * * *
You feel sick.
Your hobgoblin zombie barely misses Crazy Yiuf.
Your dart slug zombie bites Crazy Yiuf but does no damage.
Something barely misses Crazy Yiuf.
Crazy Yiuf hits your dart slug zombie with a +3 quarterstaff of chaos!!
Your dart slug zombie is destroyed!
You feel better.
Your hobgoblin zombie hits Crazy Yiuf but does no damage.
You swap places.
Jessica hits Crazy Yiuf with a +0 dagger.
Crazy Yiuf whimpers, "Hah blue Xom!"
Crazy Yiuf hits Jessica with a +3 quarterstaff of chaos!
Crazy Yiuf burns Jessica.
Jessica is destroyed!
You are too injured to fight recklessly!
You feel very mighty all of a sudden.
Your frilled lizard zombie closely misses Crazy Yiuf.
Crazy Yiuf cries, "Citrus blue sing-song!"
You are too injured to fight recklessly!
You barely miss Crazy Yiuf.
Crazy Yiuf is heavily wounded.
Crazy Yiuf hits you with a +3 quarterstaff of chaos!
You die...
Your body rises from the dead as a mindless zombie.

#.# #.#
##### #.#
#)..# #.#
#...# #.#
... #.# #'#
#.# ♣Z♣♣
#.# ♣♣g♣
#.# ♣@♣♣
#.# ♣♣Z♣
#.# ♣♣.♣♣
#.# ♣♣...♣
#.# ♣....♣
#.# #....#
#.#####..##
#........#
#####...##


You could see Crazy Yiuf (ally target) and 2 friendly frilled lizard zombies.

Vanquished Creatures
  Jessica (D:3)
  Robin (D:2)
  An adder (D:2)
  A dart slug (D:3)
  4 endoplasms
  16 goblins
  5 hobgoblins
  3 kobolds
  A quokka (D:3)
  3 bats (D:2)
  4 frilled lizards
  3 rats
43 creatures vanquished.

Vanquished Creatures (collateral kills)
  Sigmund (D:2)
  An adder (D:3)
  3 endoplasms
  A hobgoblin (D:2)
  A ball python (D:2)
  A goblin (D:2)
  A rat (D:3)
9 creatures vanquished.

Vanquished Creatures (others)
  A bat zombie (D:2)
  A dart slug zombie (D:3)
  A goblin skeleton (D:2)
  A goblin zombie (D:2)
  2 hobgoblin zombies (D:2)
  A human zombie (D:3)
  A kobold zombie (D:2)
  A rat zombie (D:3)
9 creatures vanquished.

Grand Total: 61 creatures vanquished

Notes
Turn   | Place    | Note
-------+----------+-------------------------------------------
     0 | D:1      | HDogLeCool the Draconian Fighter began the quest for the
                  | Orb.
     0 | D:1      | Reached XP level 1. HP: 19/19 MP: 1/1
   352 | D:1      | Reached XP level 2. HP: 25/26 MP: 2/2
   565 | D:1      | Found a faded altar of an unknown god.
   586 | D:1      | Became a worshipper of Yredelemnul the Dark
   586 | D:1      | Reached * piety under Yredelemnul
  1294 | D:2      | Noticed Sigmund
  1495 | D:2      | Noticed Robin
  1511 | D:2      | Reached XP level 3. HP: 22/33 MP: 1/3
  1629 | D:2      | Killed Robin
  2350 | D:2      | Killed Sigmund
  2351 | D:2      | Reached XP level 4. HP: 20/41 MP: 4/4
  2351 | D:2      | Reached XP level 5. HP: 23/47 MP: 5/5
  2451 | D:2      | Reached ** piety under Yredelemnul
  2783 | D:3      | Noticed Jessica
  2791 | D:3      | Killed Jessica
  3372 | D:3      | Found a runed translucent door.
  3373 | D:3      | Noticed Crazy Yiuf
  3819 | D:3      | Your ally Jessica died
  3821 | D:3      | Slain by Crazy Yiuf

Illustrated notes

Levels and vault maps discovered:
D:1:      shiori_arrival_oz, layout_loops_corners,
          chequers_ecumenical_altar_twisty
D:2:      layout_basic, uniq_robin, uniq_sigmund
D:3:      layout_basic, chequers_serial_rivers_micro_d, uniq_jessica,
          uniq_crazy_yiuf_cottage

Skill      XL: |  1  2  3 |
---------------+----------+-----
Fighting       | 4 |  4.7
Dodging        | 3 |  3.2
Shields        | 4 |  4.3
Long Blades    | |  2.9

Action                   |  1- 3 |  4- 6 || total
-------------------------+-------+-------++-------
Melee: Long sword        |    72 |    28 ||   100
       Tailslap          |     5 |     4 ||     9
Invok: Animate Remains   |     9 |     7 ||    16
       Recall Undead Sla |       |     3 ||     3
  Use: Potion            |     1 |     2 ||     3
 Stab: Sleeping          |     1 |     1 ||     2
Armor: Skin              |    20 |     6 ||    26
Dodge: Dodged            |    30 |    10 ||    40
Block: Kite shield       |    28 |     6 ||    34
       Rpst.: Long sword |    10 |     1 ||    11

Table legend: (Time is in decaauts)
 A = Elapsed time spent in this place.
 B = Non-inter-level travel time spent in this place.
 C = Inter-level travel time spent in this place.
 D = Time resting spent in this place.
 E = Time spent auto-exploring this place.
 F = Levels seen in this place.
 G = Mean time per level.
                   A        B        C        D        E       F      G
               +--------+--------+--------+--------+--------+-----+--------+
         Total |   3878 |   3709 |    169 |    423 |   2737 |   3 | 1292.7 |
       Dungeon |   3878 |   3709 |    169 |    423 |   2737 |   3 | 1292.7 |
               +--------+--------+--------+--------+--------+-----+--------+

Top non-repeatable levels by time:
     D:2: 1589 daAuts
     D:1: 1229 daAuts
     D:3: 1060 daAuts
